 Dungeon Crawl Stone Soup version 0.24.0-125-gc4c63601f3 (webtiles) character file.

Game seed: 2718823714955403564, levelgen mode: deterministic

2623 Bodigarde the Vexing (level 9, -1/68 HPs)
             Began as a Gnoll Arcane Marksman on Mar 10, 2020.
             Was a Priest of Okawaru.
             Splashed by a centaur's acid (14 damage)
             ... on level 7 of the Dungeon.
             The game lasted 00:41:21 (11340 turns).

Bodigarde the Vexing (Gnoll Arcane Marksman)       Turns: 11340, Time: 00:41:21

Health: -1/68      AC:  0    Str: 15    XL:     9   Next: 60%
Magic:  15/16      EV: 16    Int: 17    God:    Okawaru [***...]
Gold:   665        SH:  0    Dex: 15    Spells: 1/18 levels left

rFire    . . .     SeeInvis .   b - +8 mace "Quget" {holy, MR+}
rCold    . . .     Gourm    .   (no shield)
rNeg     . . .     Faith    .   e - +0 robe
rPois    .         Spirit   .   (no helmet)
rElec    .         Reflect  .   (no cloak)
rCorr    .         Harm     .   (no gloves)
MR       +....                  s - +0 pair of boots
Stlth    +++.......             (no amulet)
HPRegen  0.21/turn              (no ring)
MPRegen  0.15/turn              (no ring)

@: corroded
A: distributed training, fangs 1, strong nose
a: Heroism, Renounce Religion


You were on level 7 of the Dungeon.
You worshipped Okawaru.
Okawaru was most pleased with you.
You were not hungry.

You visited 2 branches of the dungeon, and saw 8 of its levels.

You collected 665 gold pieces.

Inventory:

Hand Weapons
 a - a +0 hand crossbow
 b - the +8 mace "Quget" (weapon) {holy, MR+}
   (You found it on level 4 of the Dungeon)

   It has been blessed by the Shining One to cause great damage to the undead
   and demons.
   It affects your resistance to hostile enchantments.
 c - a +0 hunting sling
 o - a +2 dagger of electrocution
Missiles
 d - 49 sling bullets
 i - 104 stones
 j - 14 poisoned darts (quivered)
 m - 22 bolts
 A - a throwing net
Armour
 e - a +0 robe (worn)
 s - a +0 pair of boots (worn)
Scrolls
 f - a scroll of noise {unknown}
 g - a scroll of blinking {unknown}
 l - a scroll of amnesia
 q - 2 scrolls of teleportation
 x - a scroll of fear {unknown}
 y - a scroll of enchant weapon {unknown}
 B - 2 scrolls of identify
 C - a scroll of enchant armour {unknown}
 D - a scroll of vulnerability {unknown}
Potions
 h - 2 potions of curing
 k - a potion of lignification
 n - a potion of brilliance {unknown}
 p - a potion of agility
 r - 2 potions of heal wounds {unknown}
 u - 3 potions of mutation {unknown}
 v - a potion of might {unknown}
 w - 2 potions of degeneration {unknown}
 z - 2 potions of haste {unknown}
Comestibles
 t - 8 rations
 E - 2 chunks of flesh


   Skills:
 + Level 5.1 Fighting
 + Level 4.3 Short Blades
 + Level 4.3 Long Blades
 + Level 4.3 Axes
 + Level 4.3 Maces & Flails
 + Level 4.3 Polearms
 + Level 4.3 Staves
 + Level 4.3 Slings
 + Level 4.3 Bows
 + Level 6.3 Crossbows
 + Level 4.3 Throwing
 + Level 4.3 Armour
 + Level 6.3 Dodging
 + Level 4.3 Stealth
 + Level 4.3 Shields
 + Level 4.3 Unarmed Combat
 + Level 5.2 Spellcasting
 + Level 3.5 Conjurations
 + Level 6.6 Hexes
 + Level 3.5 Charms
 + Level 3.5 Summonings
 + Level 3.5 Necromancy
 + Level 3.5 Translocations
 + Level 3.5 Transmutations
 + Level 3.5 Fire Magic
 + Level 3.5 Ice Magic
 + Level 3.5 Air Magic
 + Level 3.5 Earth Magic
 + Level 3.5 Poison Magic
 + Level 4.7 Invocations
 + Level 4.3 Evocations


You had one spell level left.
You knew the following spells:

 Your Spells              Type           Power        Failure   Level  Hunger
a - Corona                Hex            ####...      1%          1    None
b - Portal Projectile     Hex/Tloc       ###...       5%          3    ###....
c - Leda's Liquefaction   Hex/Erth       ###.......   17%         4    ####...
d - Cause Fear            Hex            ####......   9%          4    ####...
e - Blink                 Tloc           N/A          4%          2    #......
f - Mephitic Cloud        Conj/Pois/Air  ###.....     10%         3    ###....

Your spell library contained the following spells:

 Spells                   Type           Power        Failure   Level  Hunger
 Magic Dart               Conj           ###.         3%          1    None
 Slow                     Hex            ####....     1%          2    #......
 Call Imp                 Summ           ###.....     4%          2    #......
 Inner Flame              Hex/Fire       ###.....     5%          3    ###....
 Conjure Flame            Conj/Fire      ###.....     10%         3    ###....


Dungeon Overview and Level Annotations

Branches:
Dungeon (7/15)             Temple (1/1) D:4

Altars:
Ashenzari
Cheibriados
Dithmenos
Elyvilon
Gozag
Hepliaklqana
Kikubaaqudgha
Makhleb
Nemelex Xobeh
Okawaru
Qazlal
Ru
Sif Muna
Uskayaw
Vehumet
Wu Jian
Xom
Yredelemnul
Zin
The Shining One

Shops:
D:5 }


Innate Abilities, Weirdness & Mutations

Your experience applies equally to all skills.
You have very sharp teeth.
Your uncanny sense of smell can sniff out nearby items.


Message History

b - the +8 mace "Quget" (weapon)
{holy, MR+} The centaur hits you with a +0 falchion!
Casting: Corona (safe; 1% risk of failure)
Confirm with . or Enter, or press ? or * to list all spells.
Aiming: Corona (safe; 1% risk of failure)
Press: ? - help, Shift-Dir - straight line, f - centaur
Aim: a centaur, wielding a +0 falchion and carrying a wand of acid (13) (chance to defeat MR: 67%)
The centaur is outlined in light.
The centaur zaps a wand.
The bolt of acid hits you!! The acid corrodes you!
You are splashed with acid!
You are too injured to fight recklessly!
You hit the centaur.
The centaur is moderately wounded.
The centaur barely misses you.
The centaur hits you with a +0 falchion.
You hit the centaur but do no damage.
The centaur is moderately wounded.
The centaur zaps a wand.
The bolt of acid hits you!
* * * LOW HITPOINT WARNING * * *
You are splashed with acid!
You die...

#.#..## .## #.#.##
#### a. #.### #:..#
.. #.# ..... .# #.##
....S. '## ...# ..
.c8...##..## #### #'#
....la'Z...# #..#
##c...# ### ...# ∆
##@#..## #.#
..'#####..#### #.##
##..##....# #..##
#....÷....# #...#
#....##..## # ∆
###...####..######...
.........#'###.......
........÷......#
...............#


You could see a centaur and a jackal skeleton.

Vanquished Creatures
  Sigmund (D:6)
  A hungry ghost (D:7)
  Menkaure (D:4)
  A black bear (D:7)
  An orc warrior (D:7)
  A phantom (D:5)
  3 ogres
  3 centaurs
  2 bullfrogs
  3 wights (D:7)
  3 crimson imps
  A howler monkey (D:5)
  2 quasits
  3 hounds
  2 jellies
  3 orc wizards
  5 orc priests
  3 bullfrog skeletons
  A centaur skeleton (D:4)
  2 iguanas (D:7)
  6 worker ants
  9 adders
  8 gnolls
  A shadow imp (D:5)
  2 oozes (D:2)
  3 worms
  2 dart slugs
  7 leopard geckos
  18 orcs
  7 giant cockroaches
  11 goblins
  12 hobgoblins
  11 jackals
  6 quokkas
  2 ball pythons
  8 bats
  A frilled lizard (D:2)
  A jackal skeleton (D:6)
  6 kobolds
  4 rats
167 creatures vanquished.

Notes
Turn   | Place    | Note
-------+----------+-------------------------------------------
     0 | D:1      | Bodigarde the Gnoll Arcane Marksman began the quest for the
                  | Orb.
     0 | D:1      | Reached XP level 1. HP: 17/17 MP: 4/4
   128 | D:1      | Reached XP level 2. HP: 23/23 MP: 5/5
   339 | D:1      | Reached XP level 3. HP: 28/28 MP: 5/7
   417 | D:1      | Learned a level 3 spell: Portal Projectile
   939 | D:2      | Reached skill level 1 in Invocations
  1076 | D:2      | Reached skill level 1 in Short Blades
  1076 | D:2      | Reached skill level 1 in Long Blades
  1076 | D:2      | Reached skill level 1 in Axes
  1076 | D:2      | Reached skill level 1 in Maces & Flails
  1076 | D:2      | Reached skill level 1 in Polearms
  1076 | D:2      | Reached skill level 1 in Staves
  1076 | D:2      | Reached skill level 1 in Slings
  1076 | D:2      | Reached skill level 1 in Bows
  1076 | D:2      | Reached skill level 1 in Throwing
  1076 | D:2      | Reached skill level 1 in Armour
  1076 | D:2      | Reached skill level 1 in Stealth
  1076 | D:2      | Reached skill level 1 in Shields
  1076 | D:2      | Reached skill level 1 in Unarmed Combat
  1076 | D:2      | Reached skill level 1 in Evocations
  1080 | D:2      | Reached XP level 4. HP: 34/34 MP: 3/8
  1086 | D:2      | Learned a level 4 spell: Leda's Liquefaction
  1363 | D:2      | Reached skill level 1 in Conjurations
  1363 | D:2      | Reached skill level 1 in Charms
  1363 | D:2      | Reached skill level 1 in Summonings
  1363 | D:2      | Reached skill level 1 in Necromancy
  1363 | D:2      | Reached skill level 1 in Translocations
  1363 | D:2      | Reached skill level 1 in Transmutations
  1363 | D:2      | Reached skill level 1 in Fire Magic
  1363 | D:2      | Reached skill level 1 in Ice Magic
  1363 | D:2      | Reached skill level 1 in Air Magic
  1363 | D:2      | Reached skill level 1 in Earth Magic
  1363 | D:2      | Reached skill level 1 in Poison Magic
  2005 | D:2      | Found a glowing silver altar of Zin.
  2641 | D:3      | Reached XP level 5. HP: 40/40 MP: 7/9
  3161 | D:3      | Found a faded altar of an unknown god.
  3585 | D:4      | Got a shimmering mace
  3596 | D:4      | Found a staircase to the Ecumenical Temple.
  3605 | Temple   | Entered the Ecumenical Temple
  3628 | Temple   | Became a worshipper of Warmaster Okawaru
  3662 | D:4      | Noticed Menkaure
  3794 | D:4      | Reached XP level 6. HP: 47/47 MP: 8/10
  3858 | D:4      | Identified the +8 mace "Quget" {holy, MR+} (You found it on
                  | level 4 of the Dungeon)
  3990 | D:4      | Reached skill level 5 in Crossbows
  3990 | D:4      | Reached skill level 5 in Dodging
  4481 | D:4      | Reached XP level 7. HP: 45/52 MP: 10/12
  4615 | D:4      | Learned a level 4 spell: Cause Fear
  6030 | D:5      | Entered Level 5 of the Dungeon
  6030 | D:5      | Found a sparkling altar of Nemelex Xobeh.
  6086 | D:5      | Reached * piety under Okawaru
  6357 | D:5      | Reached XP level 8. HP: 4/60 MP: 14/14
  6973 | D:5      | Learned a level 2 spell: Blink
  6986 | D:5      | Found Kunues's Gadget Emporium.
  7012 | D:5      | Reached ** piety under Okawaru
  7285 | D:4      | Killed Menkaure
  7379 | D:4      | Found a staircase to the Ecumenical Temple.
  8011 | D:6      | Found an ornate altar of the Wu Jian Council.
  8988 | D:6      | Found a shimmering blue altar of Sif Muna.
  9465 | D:6      | Reached XP level 9. HP: 65/66 MP: 14/16
  9470 | D:6      | Learned a level 3 spell: Mephitic Cloud
  9703 | D:6      | Noticed Sigmund
  9718 | D:6      | Killed Sigmund
  9866 | D:6      | Found a burning altar of Makhleb.
  9866 | D:6      | Found a radiant altar of Vehumet.
  9991 | D:7      | Found a snail-covered altar of Cheibriados.
 10410 | D:7      | Reached skill level 5 in Spellcasting
 10809 | D:7      | Reached *** piety under Okawaru
 10809 | D:7      | Reached skill level 5 in Fighting
 11340 | D:7      | Splashed by a centaur's acid

Levels and vault maps discovered:
D:1:      dpeg_arrival_line_fractal, layout_rooms
D:2:      kennysheep_the_goblin_king, layout_basic, marbit_many_paths,
          grunt_decor_cap
D:3:      layout_rooms, chequers_ecumenical_altar_twisty
D:4:      minmay_polygon_palace, layout_basic, minmay_temple_entry_nine_rooms,
          enter_ossuary_3, uniq_menkaure
D:5:      wad_pebble_path, layout_basic, nemelex_xobeh_ov_fountains_minmay,
          first_ration, serial_shops, shop
D:6:      layout_rooms, grunt_temple_overflow_lords_of_destruction,
          nicolae_overflow_hidden_temple, basic_altar, uniq_sigmund
D:7:      minmay_bubble_buster, layout_loops_cross, basic_altar,
          roderic_cross_of_infinity, grunt_ministairs_2, grunt_livestock,
          hangedman_abyss_or_decor_lesser_grid, minmay_microvault, uniq_joseph
Temple:   eino_wide_crystal_templ

Skill      XL: |  1  2  3  4  5  6  7  8  9 |
---------------+----------------------------+-----
Invocations    | 1 2 3 4 |  4.7
Short Blades   | 1 2 3 4 |  4.3
Long Blades    | 1 2 3 4 |  4.3
Axes           | 1 2 3 4 |  4.3
Maces & Flails | 1 2 3 4 |  4.3
Polearms       | 1 2 3 4 |  4.3
Staves         | 1 2 3 4 |  4.3
Slings         | 1 2 3 4 |  4.3
Bows           | 1 2 3 4 |  4.3
Throwing       | 1 2 3 4 |  4.3
Armour         | 1 2 3 4 |  4.3
Stealth        | 1 2 3 4 |  4.3
Shields        | 1 2 3 4 |  4.3
Unarmed Combat | 1 2 3 4 |  4.3
Evocations     | 1 2 3 4 |  4.3
Spellcasting   | 3 4 5 |  5.2
Conjurations   | 1 2 3 |  3.5
Charms         | 1 2 3 |  3.5
Summonings     | 1 2 3 |  3.5
Necromancy     | 1 2 3 |  3.5
Translocations | 1 2 3 |  3.5
Transmutations | 1 2 3 |  3.5
Fire Magic     | 1 2 3 |  3.5
Ice Magic      | 1 2 3 |  3.5
Air Magic      | 1 2 3 |  3.5
Earth Magic    | 1 2 3 |  3.5
Poison Magic   | 1 2 3 |  3.5
Fighting       | 3 4 5 |  5.1
Crossbows      | 5 6 |  6.3
Dodging        | 5 6 |  6.3
Hexes          | 6 |  6.6

Action                   |  1- 3 |  4- 6 |  7- 9 || total
-------------------------+-------+-------+-------++-------
Melee: Short sword       |     2 |     2 |       ||     4
       Dagger            |       |    34 |       ||    34
       Bite              |       |     5 |    19 ||    24
       Mace              |       |     3 |   173 ||   176
       Punch             |       |       |     3 ||     3
 Fire: Hand crossbow     |    78 |    49 |    59 ||   186
       Hunting sling     |       |    95 |    93 ||   188
Throw: Stone             |       |    15 |     1 ||    16
       Dart              |       |     4 |     2 ||     6
 Cast: Corona            |    26 |    30 |    69 ||   125
       Portal Projectile |     3 |     7 |     6 ||    16
  Use: Scroll            |       |     3 |     3 ||     6
       Potion            |       |     1 |     2 ||     3
 Stab: Sleeping          |       |       |     1 ||     1
  Eat: Chunk             |     1 |     8 |    15 ||    24
       Ration            |       |     1 |     2 ||     3
Armor: Robe              |     6 |     3 |    30 ||    39
       Skin              |       |       |     6 ||     6
Dodge: Dodged            |    34 |    79 |   203 ||   316
